 Dungeon Crawl Stone Soup version 0.31-a0-182-gc5ef74bbde (webtiles) character file.

Game seed: 10275482672108728464

23 night the Shooter (level 2, -1/18 HPs)
             Began as a Tengu Hunter on June 20, 2023.
             Killed from afar by Crazy Yiuf (11 damage)
             ... with a puff of flame
             ... on level 2 of the Dungeon.
             The game lasted 00:01:34 (790 turns).

night the Shooter (Tengu Hunter)                     Turns: 790, Time: 00:01:34

Health: -1/18      AC:  3    Str: 11    XL:     2   Next: 95%
Magic:  3/3        EV: 12    Int:  9    God:
Gold:   23         SH:  0    Dex: 17    Spells: 1/1 levels left

rFire   . . .        a - +0 shortbow
rCold   . . .        (shield currently unavailable)
rNeg    . . .        c - +0 leather armour
rPois   .            (helmet restricted)
rElec   .            (no cloak)
rCorr   +            (no gloves)
SInv    .            (boots unavailable)
Will    .....        (no amulet)
Stlth   ++           f - ring of resist corrosion
HPRegen 0.23/turn    (no ring)
MPRegen 0.08/turn

%: no passive effects
@: no status effects
A: beak, talons 3
a: no special abilities


You were on level 2 of the Dungeon.
You visited 1 branch of the dungeon, and saw 2 of its levels.

You collected 23 gold pieces.

Inventory:

Hand Weapons
 a - a +0 shortbow (weapon)
Missiles
 d - 18 stones
Armour
 c - a +0 leather armour (worn)
Jewellery
 f - a ring of resist corrosion (left hand)
Scrolls
 b - a scroll of butterflies
Potions
 e - a potion of might {unknown}
 g - 2 potions of degeneration {unknown}


   Skills:
 + Level 2.3 Fighting
 * Level 4.9 Ranged Weapons
 + Level 2.6 Dodging
 - Level 1.0 Stealth


You had one spell level left.
You didn't know any spells.
Your spell library contained the following spells:

 Spells                   Type           Power      Damage    Failure   Level
 Magic Dart               Conj           0%         1d3       47%         1
 Lesser Beckoning         Tloc           0%         N/A       63%         2
 Searing Ray              Conj           0%         2d4       63%         2
 Gell's Gravitas          Tloc           0%         N/A       85%         3
 Teleport Other           Tloc           0%         N/A       85%         3
 Fulminant Prism          Conj/Hex       0%         3d5       99%         4


Dungeon Overview and Level Annotations

Branches:
Dungeon (2/15)

Altars:

Annotations:
D:2 Crazy Yiuf, Sigmund


Innate Abilities, Weirdness & Mutations

You have a beak for a mouth.
You have claws for feet.


Message History

In your confused state, you trip and fall back down the stairs.
* * * LOW HITPOINT WARNING * * *
Something hits you.
* * * LOW HITPOINT WARNING * * *
Something hits you but does no damage.
You climb upwards.
Reactivating autopickup.
There is a stone staircase leading down here.
You start resting.
You feel less confused.
You start resting.
HP restored.
Key pressed, stopping travel.
Unknown command.
There is a stone staircase leading down here.
You climb downwards.
Level annotation: Sigmund
There is a stone staircase leading up here.
Found a whip.
A bat comes into view.
You shoot an arrow. The arrow hits the bat!
You kill the bat!
Found a stone staircase leading down.
No target in view!
Found a hammer.
Found a runed translucent door.
No target in view!
You open the door. You shoot an arrow. The arrow hits Crazy Yiuf.
Crazy Yiuf shouts!
Crazy Yiuf is moderately wounded.
You shoot an arrow. The arrow hits Crazy Yiuf.
Crazy Yiuf is heavily wounded.
Crazy Yiuf cries, "You leg down broken song, no?"
Crazy Yiuf zaps a wand.
The puff of flame hits you!
You shoot an arrow.
The arrow hits Crazy Yiuf but does no damage.
Crazy Yiuf is heavily wounded.
Crazy Yiuf zaps a wand.
The puff of flame hits you!
Ouch! That really hurt!
You die...

##♣♣♣♣♣ ####
###...♣.♣♣♣ ###
#>.#
##......♣..♣#...#
#..###
#......♣♣♣♣@'g..#
#....###..#..♣♣
♣♣#..)#
#.##......##♣♣
### #.#######.#
#.# ### #.# #.#
#.# #.# #


You could see Crazy Yiuf.

Vanquished Creatures
  An adder (D:2)
  3 goblins (D:1)
  A hobgoblin (D:1)
  A ball python (D:1)
  6 bats
  A frilled lizard (D:1)
  2 rats
15 creatures vanquished.

Notes
Turn   | Place    | Note
-------+----------+-------------------------------------------
     0 | D:1      | night the Tengu Hunter began the quest for the Orb.
     0 | D:1      | Reached XP level 1. HP: 12/12 MP: 2/2
   102 | D:1      | Reached XP level 2. HP: 17/17 MP: 3/3
   519 | D:2      | Noticed Sigmund
   783 | D:2      | Found a runed translucent door.
   784 | D:2      | Noticed Crazy Yiuf
   790 | D:2      | Killed from afar by Crazy Yiuf

Illustrated notes

Levels and vault maps discovered:
D:1:      onia_arrival_mini_spirals, layout_rooms
D:2:      layout_basic, basic_altar, uniq_crazy_yiuf_cottage, uniq_sigmund,
          uniq_natasha

Action                     || total
---------------------------++-------
   Fire: Shortbow          ||    44
    Use: Scroll            ||     3
 Armour: Leather armour    ||     4
  Dodge: Dodged            ||    12

Table legend: (Time is in decaauts)
 A = Elapsed time spent in this place.
 B = Non-inter-level travel time spent in this place.
 C = Inter-level travel time spent in this place.
 D = Time resting spent in this place.
 E = Time spent auto-exploring this place.
 F = Levels seen in this place.
 G = Mean time per level.
                   A        B        C        D        E       F      G
               +--------+--------+--------+--------+--------+-----+--------+
         Total |    800 |    753 |     47 |    162 |    472 |   2 |  400.0 |
       Dungeon |    800 |    753 |     47 |    162 |    472 |   2 |  400.0 |
               +--------+--------+--------+--------+--------+-----+--------+

Top non-repeatable levels by time:
     D:1: 678 daAuts
     D:2: 122 daAuts
